 Dungeon Crawl Stone Soup version 0.21-a0-525-ga34b322 (webtiles) character file.

245 slep the Chopper (level 5, -6/39 HPs)
             Began as a Demonspawn Gladiator on Dec 8, 2017.
             Mangled by Marik's ghost (8 damage)
             ... on level 3 of the Dungeon.
             The game lasted 00:05:04 (1825 turns).

slep the Chopper (Demonspawn Gladiator)             Turns: 1825, Time: 00:05:06

Health: -6/39      AC:  6    Str: 15    XL:     5   Next: 84%
Magic:  5/5        EV: 12    Int:  9    God:
Gold:   156        SH:  0    Dex: 15    Spells: 4/4 levels left

rFire    . . .     SeeInvis .   a - +0 war axe
rCold    . . .     Gourm    .   (no shield)
rNeg     . . .     Faith    .   e - -1 ring mail (curse)
rPois    .         Spirit   .   (helmet restricted)
rElec    .         Reflect  .   (no cloak)
rCorr    .         Harm     .   (no gloves)
MR       .....                  (no boots)
Stlth    +.........             (no amulet)
HPRegen  0.13/turn              (no ring)
MPRegen  0.09/turn              (no ring)

@: no status effects
A: antennae 1, yellow scales 1, demonic guardian 1
a: no special abilities


You were on level 3 of the Dungeon.
You were not hungry.

You visited 1 branch of the dungeon, and saw 3 of its levels.

You collected 156 gold pieces.

Inventory:

Hand Weapons
 a - a +0 war axe (weapon)
Missiles
 d - 3 throwing nets (quivered)
Armour
 b - a +0 leather armour
 c - a +0 helmet
 e - a cursed -1 ring mail (worn)
Jewellery
 o - an uncursed ring of fire
Scrolls
 h - a scroll of enchant weapon {unknown}
 j - a scroll of amnesia {unknown}
 k - a scroll of fear {unknown}
 l - 3 scrolls of remove curse {unknown}
 n - a scroll of identify {unknown}
 p - a scroll of fog {unknown}
 r - a scroll of teleportation {unknown}
Potions
 g - 2 potions of flight {unknown}
 m - 2 potions of haste {unknown}
Comestibles
 f - 3 bread rations
 i - a royal jelly


   Skills:
 + Level 2.7 Fighting
 + Level 4.6 Axes
 + Level 1.8 Throwing
 + Level 2.1 Armour
 + Level 3.4 Dodging
 + Level 0.2 Stealth


You had 4 spell levels left.
You didn't know any spells.

Dungeon Overview and Level Annotations

Branches:
Dungeon (3/15)

Altars:
Ashenzari
Elyvilon
Vehumet
Xom
Zin

Annotations:
D:3 Marik's ghost, amateur DsMo


Innate Abilities, Weirdness & Mutations

You have a pair of small antennae on your head.
You are partially covered in yellow scales. (AC +2)
A weak demonic guardian rushes to your aid.


Message History

Marik's ghost is almost destroyed.
Marik's ghost hits you.
* * * LOW HITPOINT WARNING * * *
Marik's ghost hits you.
* * * LOW HITPOINT WARNING * * *
You closely miss Marik's ghost.
Marik's ghost is almost destroyed.
The orc wizard casts a spell.
The orc wizard seems to speed up.
Marik's ghost completely misses you.
Unknown command.
You completely miss Marik's ghost.
Marik's ghost is almost destroyed.
Marik's ghost hits you but does no damage.
You miss Marik's ghost.
Marik's ghost is almost destroyed.
Marik's ghost completely misses you.
The orc wizard points at you and mumbles some strange words.
The puff of frost hits you!
Your shadow imp misses Marik's ghost.
Marik's ghost hits you!
You die...

#.# #.#
#.#######
#....(..##
#.#####..# #.#
##.## #.# #...#
#.# #...# #.#
#@..# #.#
#.W.....# #.
#.5.......#
#....≈≈≈....#
#...≈≈≈≈≈...#
#...≈≈o..≈≈...#
#...≈≈.>.≈≈...#
#...≈≈...≈≈...#


You could see an orc wizard, Marik's ghost and a friendly shadow imp.

Vanquished Creatures
  Sigmund (D:3)
  3 gnolls (D:2)
  3 adders
  3 orcs (D:3)
  4 giant cockroaches
  3 goblins
  A hobgoblin (D:2)
  6 bats
  2 frilled lizards (D:1)
  5 kobolds
  4 rats
35 creatures vanquished.

Notes
Turn   | Place    | Note
-------+----------+-------------------------------------------
     0 | D:1      | slep the Demonspawn Gladiator began the quest for the Orb.
     0 | D:1      | Reached XP level 1. HP: 16/16 MP: 1/1
   208 | D:1      | Gained mutation: You are partially covered in yellow scales. (AC +2) [demonic ancestry]
   208 | D:1      | Reached XP level 2. HP: 17/22 MP: 2/2
   385 | D:1      | Reached skill level 3 in Axes
   672 | D:2      | Reached skill level 1 in Armour
   672 | D:2      | Gained mutation: You have a pair of small antennae on your head. [demonic ancestry]
   672 | D:2      | Reached XP level 3. HP: 5/28 MP: 3/3
  1073 | D:2      | Reached XP level 4. HP: 21/34 MP: 4/4
  1398 | D:3      | Noticed an angel
  1403 | D:3      | Found a radiant altar of Vehumet.
  1403 | D:3      | Found a shattered altar of Ashenzari.
  1403 | D:3      | Noticed Sigmund
  1421 | D:3      | Killed Sigmund
  1421 | D:3      | Reached skill level 4 in Axes
  1421 | D:3      | Gained mutation: A weak demonic guardian rushes to your aid. [demonic ancestry]
  1421 | D:3      | Reached XP level 5. HP: 23/39 MP: 5/5
  1517 | D:3      | Found a shimmering altar of Xom.
  1518 | D:3      | Found a glowing silver altar of Zin.
  1545 | D:3      | Found a white marble altar of Elyvilon.
  1797 | D:3      | Noticed Marik's ghost (amateur DsMo)
  1825 | D:3      | Mangled by Marik's ghost

Vault maps used:
D:1:      dpeg_arrival_three_bigger_balls, minmay_pentomino_s2
D:2:      minivault_5, hangedman_decor_clover_reticule
D:3:      grunt_temple_overflow_order_and_chaos_1,
          chequers_temple_overflow_statue_of_worship, tgw_sif,
          lemuel_doored_altar, first_bread, uniq_sigmund

Skill      XL: |  1  2  3  4 |
---------------+-------------+-----
Dodging        | 3 |  3.4
Axes           | 3 4 |  4.6
Armour         | 1 2 |  2.1
Fighting       | |  2.7
Throwing       | |  1.8
Stealth        | |  0.2

Action                   |  1- 3 |  4- 6 || total
-------------------------+-------+-------++-------
Melee: War axe           |    64 |    52 ||   116
  Eat: Chunk             |       |     3 ||     3
Armor: Ring mail         |    35 |    20 ||    55
Dodge: Dodged            |    61 |    39 ||   100

Table legend:
 A = Spawn XP
 B = Non-spawn XP
 C = Spawn XP percentage of total XP
 D = Spawn monster count
 E = Non-spawn monster count
 F = Spawn count percentage of total count
 G = Total turns spent on level
                    A         B        C        D         E        F      G
               +---------+---------+-------+---------+---------+-------+---------
         Total |       0 |     351 |   0.0 |       0 |      35 |   0.0 |  1825
               +---------+---------+-------+---------+---------+-------+---------
           D:1 |       0 |      22 |   0.0 |       0 |      15 |   0.0 |   664
           D:2 |       0 |      77 |   0.0 |       0 |      10 |   0.0 |   734
           D:3 |       0 |     252 |   0.0 |       0 |      10 |   0.0 |   427
               +---------+---------+-------+---------+---------+-------+---------
